 Dungeon Crawl Stone Soup version 0.30-a0-509-gd016549fea (webtiles) character file.

Game seed: 5861963695643077189

308 bande the Chopper (level 6, 0/38 HPs)
             Began as a Gargoyle Fighter on Dec 23, 2022.
             Slain by an orc wizard
             ... wielding a +0 dagger
              (3 damage)
             ... on level 3 of the Dungeon.
             The game lasted 00:04:19 (1700 turns).

bande the Chopper (Gargoyle Fighter)                Turns: 1700, Time: 00:04:20

Health: 0/38       AC: 15    Str: 20    XL:     6   Next: 40%
Magic:  6/6        EV:  9    Int:  8    God:
Gold:   155        SH:  4    Dex: 11    Spells: 5/5 levels left

rFire   . . .      SeeInvis .    a - +1 war axe
rCold   + . .      Faith    .    c - +0 buckler
rNeg    + . .      Spirit   .    b - +0 scale mail
rPois   ∞          Reflect  .    f - +1 helmet
rElec   +          Harm     .    (no cloak)
rCorr   .          Rampage  .    i - +1 pair of gloves
Will    .....                    (no boots)
Stlth   ..........               (no amulet)
HPRegen 0.26/turn                m - ring of protection from cold
MPRegen 0.10/turn                (no ring)

@: no status effects
A: sickness immunity, AC +4, negative energy resistance 1, electricity
resistance, torment resistance 1, petrification resistance
a: no special abilities


You were on level 3 of the Dungeon.
You visited 1 branch of the dungeon, and saw 4 of its levels.

You collected 155 gold pieces.

Inventory:

Hand Weapons
 a - a +1 war axe (weapon)
Armour
 b - a +0 scale mail (worn)
 c - a +0 buckler (worn)
 f - a +1 helmet (worn)
 i - a +1 pair of gloves (worn)
Jewellery
 k - a ring of positive energy
 m - a ring of protection from cold (left hand)
Scrolls
 j - a scroll of amnesia
Potions
 d - a potion of might
 e - a potion of flight
 g - 2 potions of brilliance
 h - a potion of heal wounds
 o - a potion of curing {unknown}


   Skills:
 + Level 4.2 Fighting
 + Level 4.6 Axes
 + Level 4.0 Armour
 + Level 4.2 Shields


You had 5 spell levels left.
You didn't know any spells.
Your spell library was empty.

Dungeon Overview and Level Annotations

Branches:
Dungeon (4/15)
 Temple: D:4-7

Altars:
Ru

Shops:
D:4 =


Innate Abilities, Weirdness & Mutations

You are immune to sickness and miasma.
Your stone body is resilient. (AC +4)
You are immune to poison.
You resist negative energy. (rN+)
You are resistant to electric shocks. (rElec)
You are resistant to unholy torment.
You are immune to petrification.


Message History

Beogh smites you! Something hits you but does no damage.
You slash the orc!
You kill the orc!
You barely miss something.
You hear some strange, mumbled words.
Something tries to affect you, but you resist.
You closely miss the orc. You barely miss something.
The orc priest casts a cantrip, but nothing happens.
Something hits you. The orc hits you with a +0 dagger.
You are too injured to fight recklessly!
You are too injured to fight recklessly!
You are too injured to fight recklessly!
You are too injured to fight recklessly!
You are too injured to fight recklessly!
You are too injured to fight recklessly!
You are too injured to fight recklessly!
You are too injured to fight recklessly!
You are too injured to fight recklessly!
Unknown command.
You slash something! You slash the orc!
You kill the orc!
Something hits you.
You hear some strange, mumbled words.
A magic dart appears from out of thin air!
The magic dart hits you but does no damage.
The orc priest invokes the aid of Beogh against you.
Beogh smites you!
* * * LOW HITPOINT WARNING * * *
Unknown command.
You barely miss something. Something hits you but does no damage.
You barely miss something. You completely miss the orc priest.
The orc priest begins to cast a cantrip, but forgets the words!
Something hits you.
* * * LOW HITPOINT WARNING * * *
Unknown command.
You barely miss something. You hit the orc priest.
The orc priest hits you with a +0 mace.
* * * LOW HITPOINT WARNING * * *
Something hits you but does no damage. Something hits you.
You die...

# .. #..#
##...# ###o..#
##.@{#
#####..### ###
#.<>...# ####.#
#......###....#
#......##.....#
#......#......#
#.............#
#......#......#
#......#......#


You could see an orc priest.

Vanquished Creatures
  An ogre (D:4)
  A necrophage (D:4)
  An iguana (D:4)
  Robin (D:2)
  3 adders (D:2)
  A worm (D:2)
  A dart slug (D:1)
  6 orcs (D:3)
  10 endoplasms
  3 giant cockroaches
  9 hobgoblins
  5 jackals
  3 kobolds
  3 quokkas (D:1)
  5 ball pythons
  6 bats
  A frilled lizard (D:1)
  9 goblins
  7 rats
76 creatures vanquished.

Vanquished Creatures (others)
  3 plants (D:3)
3 creatures vanquished.

Grand Total: 79 creatures vanquished

Notes
Turn   | Place    | Note
-------+----------+-------------------------------------------
     0 | D:1      | bande the Gargoyle Fighter began the quest for the Orb.
     0 | D:1      | Reached XP level 1. HP: 14/14 MP: 1/1
    64 | D:1      | Reached XP level 2. HP: 19/19 MP: 2/2
   317 | D:1      | Reached XP level 3. HP: 23/23 MP: 3/3
   856 | D:2      | You fall into a shaft and drop 2 floors!
   881 | D:4      | Noticed an ogre
   893 | D:4      | Killed an ogre
   894 | D:4      | Reached XP level 4. HP: 29/29 MP: 4/4
   894 | D:4      | Reached XP level 5. HP: 33/33 MP: 5/5
  1084 | D:4      | Found Soenwomm's Jewellery Emporium.
  1153 | D:4      | Found a sacrificial altar of Ru.
  1155 | D:4      | Reached XP level 6. HP: 38/38 MP: 6/6
  1224 | D:3      | Found a faded altar of an unknown god.
  1361 | D:2      | Noticed Robin
  1375 | D:2      | Killed Robin
  1700 | D:3      | Slain by an orc wizard

Illustrated notes

Levels and vault maps discovered:
D:1:      dpeg_arrival_pits, layout_loops_ring, dreamdust_princess_corridor
D:2:      layout_basic, uniq_robin
D:3:      minmay_door_path, layout_rooms, mainiacjoe_overflow_paths,
          nicolae_qazlal_scattered_showers, basic_ecumenical_altar,
          serial_bayou_lagoon_a, roderic_lattice_a, minmay_misc_feat_encased,
          uniq_jessica, uniq_terence, uniq_ijyb
D:4:      layout_loops_ring, nicolae_ru_awakened_eye,
          lemuel_zombie_altar_kikubaaqudgha, temple_fountains, serial_rivers,
          chequers_serial_rivers_micro_a, chequers_serial_rivers_micro_c,
          chequers_serial_rivers_small_a, chequers_serial_rivers_large_a,
          chequers_serial_rivers_micro_e, chequers_serial_rivers_small_a,
          serial_shops, nicolae_shop_behind_doors

Skill      XL: |  1  2  3  4  5  6 |
---------------+-------------------+-----
Axes           | 2 3 4 |  4.6
Fighting       | 4 |  4.2
Shields        | 4 |  4.2
Armour         | 4 |  4.0

Action                   |  1- 3 |  4- 6 || total
-------------------------+-------+-------++-------
Melee: War axe           |    85 |   131 ||   216
  Use: Scroll            |     7 |     6 ||    13
Armor: Scale mail        |    46 |    82 ||   128
Dodge: Dodged            |    43 |    54 ||    97
Block: Buckler           |    21 |    32 ||    53

Table legend: (Time is in decaauts)
 A = Elapsed time spent in this place.
 B = Non-inter-level travel time spent in this place.
 C = Inter-level travel time spent in this place.
 D = Time resting spent in this place.
 E = Time spent auto-exploring this place.
 F = Levels seen in this place.
 G = Mean time per level.
                   A        B        C        D        E       F      G
               +--------+--------+--------+--------+--------+-----+--------+
         Total |   1785 |   1738 |     47 |      0 |   1148 |   4 |  446.2 |
       Dungeon |   1785 |   1738 |     47 |      0 |   1148 |   4 |  446.2 |
               +--------+--------+--------+--------+--------+-----+--------+

Top non-repeatable levels by time:
     D:1: 783 daAuts
     D:2: 495 daAuts
     D:4: 350 daAuts
     D:3: 155 daAuts
